 Dungeon Crawl Stone Soup version 0.31.0-32-g396128a36d (webtiles) character file.

Game seed: 14183420638515017133

22 BoneyBoi1234 the Ruffian (level 2, 23/23 HPs)
             Began as a Demigod Shapeshifter on Mar 27, 2024.
             Quit the game on level 1 of the Dungeon.
             The game lasted 00:01:11 (661 turns).

BoneyBoi1234 the Ruffian (Demigod Shapeshifter)      Turns: 661, Time: 00:01:12

Health: 23/23      AC:  3    Str: 15    XL:     2   Next: 51%
Magic:  4/4        EV: 12    Int: 12    God:
Gold:   11         SH:  0    Dex: 13    Spells: 1/1 levels left

rFire   . .          .
                       - Unarmed
rCold   . . .        (no shield)
rNeg    . . .        e - +0 leather armour
rPois   .            (helmet currently unavailable)
rElec   .            (cloak currently unavailable)
rCorr   .            (gloves currently unavailable)
SInv    .            (boots currently unavailable)
Will    .....        (no amulet)
Stlth   +            (no ring)
HPRegen 0.23/turn    (no ring)
MPRegen 0.09/turn

%: no passive effects
@: beast-form
A: beast (slay +1), high MP 1, forlorn, divine attributes
a: Begin Untransformation


You were on level 1 of the Dungeon.
You were a hulking beast.
You visited 1 branch of the dungeon, and saw 1 of its levels.

You collected 11 gold pieces.

Inventory:

Armour
 a - a +0 pair of boots
 e - a +0 leather armour (worn)
Talismans
 c - a beast talisman
 d - a flux talisman
Scrolls
 g - a scroll of identify {unknown}
Potions
 b - a potion of lignification
 f - a potion of haste {unknown}
 h - a potion of heal wounds {unknown}
 i - 2 potions of curing {unknown}


   Skills:
 + Level 1.3 Fighting
 + Level 2.1 Dodging
 + Level 3.0 Unarmed Combat
 + Level 2.9 Shapeshifting


You had one spell level left.
You didn't know any spells.
Your spell library was empty.

Dungeon Overview and Level Annotations

Branches:
Dungeon (1/15)


Innate Abilities, Weirdness & Mutations

You are a hulking beast.
Your limbs bulge with bestial killing power. (Slay +1)
You have an increased reservoir of magic. (+10% MP)
You shall have no god before yourself.
Your divine heritage dramatically boosts your attributes as you level up.


Message History

The quokka bites you.
You hit the quokka.
You kill the quokka!
No target in view!
No target in view!
You see here a quokka corpse.
A rat comes into view.
Found 2 javelins.
A rat is nearby!
The helpless rat fails to defend itself.
You hit the rat.
You kill the rat!
No target in view!
No target in view!
Found a rapier.
Found 3 stones.
You see here a +2 hand axe of electrocution.
Found 5 stones.
A hobgoblin comes into view.
An endoplasm comes into view.
The hobgoblin hits you.
You closely miss the hobgoblin. The hobgoblin hits you.
You hit the hobgoblin.
The hobgoblin is moderately wounded.
The hobgoblin hits you but does no damage.
You hit the hobgoblin.
You kill the hobgoblin!
Your Unarmed Combat skill increases to level 3!
The helpless endoplasm fails to defend itself.
You hit the endoplasm.
The endoplasm is heavily wounded.
The endoplasm hits you but does no damage.
You hit the endoplasm. You punch the endoplasm.
You kill the endoplasm!
No target in view!
No target in view!
Found an escape hatch in the floor.
There is an escape hatch in the floor here.
A rat comes into view.
Are you sure you want to abandon this character and quit the game? (Confirm with "yes".)

##.............#......# #...# #.
................÷.....####.#####.
............##.##.....#..........
............#...#..........##.###
......................#.#####..'.
....#.....#.#####.....#.# #####
....#.....#...........#.# #.
....#.....#############.# ##
##.#####.#...>..h.......# ♣ #.#
#.#.######.......# ♣ .. #.#.#
.......# ♣ .. #.#.# ....... ♣
#.#.# ....... ♣ ....# ....... #
#.### .....r. #. #.# ....... ##


You could see a rat (asleep).

Vanquished Creatures
  2 endoplasms (D:1)
  A giant cockroach (D:1)
  3 hobgoblins (D:1)
  2 jackals (D:1)
  A quokka (D:1)
  A ball python (D:1)
  3 bats (D:1)
  A frilled lizard (D:1)
  3 kobolds (D:1)
  3 rats (D:1)
20 creatures vanquished.

Notes
Turn   | Place    | Note
-------+----------+-------------------------------------------
     0 | D:1      | BoneyBoi1234 the Demigod Shapeshifter began the quest for
                  | the Orb.
     0 | D:1      | Reached XP level 1. HP: 15/15 MP: 3/3
   103 | D:1      | Reached skill level 1 in Fighting
   267 | D:1      | Reached XP level 2. HP: 14/23 MP: 4/4
   613 | D:1      | Reached skill level 3 in Unarmed Combat
   661 | D:1      | Quit the game

Illustrated notes

Levels and vault maps discovered:
D:1:      tarquinn_simple_flora_water_b, layout_basic, minmay_split_cup_large

Skill      XL: |  1  2 |
---------------+-------+-----
Fighting       | 1 |  1.3
Dodging        | 2 |  2.1
Unarmed Combat | 3 |  3.0
Shapeshifting  | |  2.9

Action                     || total
---------------------------++-------
  Melee: Unarmed           ||    56
         Punch             ||     1
   Stab: Sleeping          ||     2
 Armour: Leather armour    ||    36
         Animal skin       ||     2
  Dodge: Dodged            ||    30
